 Dungeon Crawl Stone Soup version 0.29.1-15-g9cfb28693d (webtiles) character file.

Game seed: 8412289329444271795

42 Arctor the Shield-Bearer (level 3, -6/33 HPs)
             Began as a Minotaur Fighter on Feb 24, 2023.
             Mangled by a gnoll
             ... wielding a +0 flail
              (11 damage)
             ... on level 1 of the Dungeon.
             The game lasted 00:00:41 (987 turns).

Arctor the Shield-Bearer (Minotaur Fighter)          Turns: 987, Time: 00:00:41

Health: -6/33      AC:  7    Str: 22    XL:     3   Next: 33%
Magic:  2/2        EV:  9    Int:  5    God:
Gold:   86         SH:  4    Dex:  9    Spells: 2/2 levels left

rFire   . . .      SeeInvis .   a - +0 war axe
rCold   . . .      Faith    .   c - +0 buckler
rNeg    . . .      Spirit   .   b - +0 scale mail
rPois   .          Reflect  .   (helmet restricted)
rElec   .          Harm     .   (no cloak)
rCorr   .          Rampage  .   (no gloves)
Will    .....                   (no boots)
Stlth   ..........              (no amulet)
HPRegen 0.11/turn               (no ring)
MPRegen 0.08/turn               (no ring)

@: hasted, very quick
A: horns 2, retaliatory headbutt
a: no special abilities


You were on level 1 of the Dungeon.
You visited 1 branch of the dungeon, and saw 2 of its levels.

You collected 86 gold pieces.

Inventory:

Hand Weapons
 a - a +0 war axe (weapon)
Armour
 b - a +0 scale mail (worn)
 c - a +0 buckler (worn)
Scrolls
 f - a scroll of butterflies {unknown}
 h - a scroll of noise {unknown}
 i - a scroll of amnesia {unknown}
Potions
 d - a potion of might
 g - 2 potions of flight {unknown}
 j - 2 potions of attraction {unknown}


   Skills:
 + Level 4.1 Fighting
 + Level 3.1 Axes
 + Level 4.1 Armour
 + Level 4.1 Shields


You had 2 spell levels left.
You didn't know any spells.
Your spell library was empty.

Dungeon Overview and Level Annotations

Branches:
Dungeon (2/15)

Altars:


Innate Abilities, Weirdness & Mutations

You have a pair of horns on your head.
You reflexively headbutt those who attack you in melee.


Message History

The gnoll shouts! x3
There are monsters nearby!
You barely miss the gnoll. The gnoll barely misses you.
There are monsters nearby!
You slash the gnoll!
The gnoll is almost dead.
The gnoll hits you but does no damage.
There are monsters nearby!
You slash the gnoll!
You kill the gnoll!
The gnoll hits you but does no damage. The gnoll hits you with a +0 flail.
There are monsters nearby!
You closely miss the gnoll. The gnoll hits you but does no damage.
The gnoll hits you with a +0 flail.
There are monsters nearby!
You closely miss the gnoll. You headbutt the gnoll!
The gnoll is heavily wounded.
The gnoll hits you from afar with a +0 spear.
The gnoll hits you with a +0 flail. The gnoll hits you but does no damage.
The gnoll hits you with a +0 flail.
There are monsters nearby!
You closely miss the gnoll. Your headbutt misses the gnoll.
The gnoll is heavily wounded.
The gnoll barely misses you. The gnoll hits you with a +0 flail!
* * * LOW HITPOINT WARNING * * *
There are monsters nearby!
You are too injured to fight recklessly!
There are monsters nearby!
Unknown command.
The gnoll attacks as you move away! The gnoll hits you but does no damage.
The gnoll attacks as you move away! The gnoll hits you with a +0 flail.
* * * LOW HITPOINT WARNING * * *
There is a stone staircase leading up here.
The gnoll hits you with a +0 flail.
* * * LOW HITPOINT WARNING * * *
You climb upwards.
There is a stone staircase leading down here.
It was a potion of haste.
You feel yourself speed up. The gnoll hits you with a +0 flail!
You die...

##### ############## ##...##
#............####.###.##
###.............##.## ##.##
######.....########..#.##
##.##
...##....#.########..#.# #...
................@g.....##
##.##
##.##....#.#..#.###..#..##
##.## #.........#....#
#..#.#.###.##
####....###....###..#.##...##
##.#.............#.###.##
#.#....................##
#.#.###.....###.#.#.....## ##
##.#.# #..#.####.#........##
.#
##..#.###...................#


You could see a gnoll.

Vanquished Creatures
  A gnoll (D:2)
  2 ball pythons (D:1)
  4 endoplasms (D:1)
  4 giant cockroaches (D:1)
  2 hobgoblins (D:1)
  3 quokkas (D:1)
  4 bats (D:1)
  A frilled lizard (D:1)
  2 goblins (D:1)
  2 kobolds (D:1)
  5 rats (D:1)
30 creatures vanquished.

Vanquished Creatures (others)
  2 fungi (D:1)
  A plant (D:1)
3 creatures vanquished.

Grand Total: 33 creatures vanquished

Notes
Turn   | Place    | Note
-------+----------+-------------------------------------------
     0 | D:1      | Arctor the Minotaur Fighter began the quest for the Orb.
     0 | D:1      | Reached XP level 1. HP: 19/19 MP: 0/0
    65 | D:1      | Found a faded altar of an unknown god.
    77 | D:1      | Reached XP level 2. HP: 14/27 MP: 1/1
   660 | D:1      | Reached XP level 3. HP: 33/33 MP: 2/2
   987 | D:1      | Mangled by a gnoll

Illustrated notes

Levels and vault maps discovered:
D:1:      shiori_arrival_elements, layout_loops_ring,
          shapermc_ecumenical_altar_gd
D:2:      layout_basic, basic_altar, chequers_jeans, uniq_sigmund, uniq_terence

Skill      XL: |  1  2 |
---------------+-------+-----
Shields        | 4 |  4.1
Armour         | 4 |  4.1
Fighting       | 4 |  4.1
Axes           | 3 |  3.1

Action                   || total
-------------------------++-------
Melee: War axe           ||    81
       Headbutt          ||     5
  Use: Potion            ||     1
Armor: Scale mail        ||    55
Dodge: Dodged            ||    40
Block: Buckler           ||    19
